 Dungeon Crawl Stone Soup version 0.29.1-15-g9cfb28693d (webtiles) character file.

Game seed: 4910084304423637745

130 hawla the Chiller (level 5, -1/38 HPs)
             Began as a Meteoran Ice Elementalist on Apr 13, 2023.
             Succumbed to a goblin's poison
             ... on level 3 of the Dungeon.
             The game lasted 00:05:43 (894 turns).

hawla the Chiller (Meteoran Ice Elementalist)        Turns: 894, Time: 00:05:44

Health: -1/38      AC:  2    Str:  9    XL:     5   Next: 63%
Magic:  10/10      EV: 12    Int: 19    God:
Gold:   70         SH:  0    Dex: 14    Spells: 6/10 levels left

rFire   . . .      SeeInvis .   i - staff of conjuration
rCold   + . .      Faith    .   (no shield)
rNeg    + . .      Spirit   .   a - +0 robe
rPois   .          Reflect  .   (no helmet)
rElec   .          Harm     .   (no cloak)
rCorr   .          Rampage  .   (no gloves)
Will    .....      Clarity  +   (no boots)
Stlth   +.........              g - amulet of magic regeneration
HPRegen 0.12/turn               k - ring of positive energy
MPRegen 0.52/turn               (no ring)

@: lethally poisoned (-1 -> -28), glowing
A: sense surroundings 1, otherworldly, glowing, explore regen, fangs 1, clarity,
cold resistance 1
a: no special abilities


You were on level 3 of the Dungeon.
You visited 1 branch of the dungeon, and saw 3 of its levels.

You collected 90 gold pieces.
You spent 20 gold pieces at shops.

Inventory:

Armour
 a - a +0 robe (worn)
Magical Staves
 i - a staff of conjuration (weapon)
Jewellery
 g - an amulet of magic regeneration (around neck)
 k - a ring of positive energy (left hand)
Scrolls
 c - a scroll of butterflies
 d - 2 scrolls of vulnerability
 h - 2 scrolls of teleportation
 l - a scroll of summoning
Potions
 b - a potion of magic
 f - a potion of attraction


   Skills:
 + Level 0.1 Staves
 + Level 2.6 Dodging
 - Level 1.4 Stealth
 + Level 3.0 Spellcasting
 + Level 3.0 Conjurations
 + Level 5.1 Ice Magic
 + Level 3.0 Evocations


You had 6 spell levels left.
You knew the following spells:

 Your Spells              Type           Power      Damage    Failure   Level
a - Freeze                Ice            88%        1d10      1%          1
b - Frozen Ramparts       Ice            44%        1d7       5%          3

Your spell library contained the following spells:

 Spells                   Type           Power      Damage    Failure   Level
 Ozocubu's Armour         Ice            22%        N/A       5%          3
 Hailstorm                Conj/Ice       27%        3d7       28%         4


Dungeon Overview and Level Annotations

Branches:
Dungeon (3/15) Zot: 884

Altars:
Sif Muna

Shops:
D:2 !*:[[


Innate Abilities, Weirdness & Mutations

You passively map a small area around you.
You are easily found by Zot.
You glow in the dark.
You regain HP and MP as you explore.
You have very sharp teeth.
You possess an exceptional clarity of mind.
Your flesh is cold resistant. (rC+)


Message History

You freeze the endoplasm.
You kill the endoplasm!
Unknown command.
As you read the scroll labelled VOHUUZE TIOTHRO, it crumbles to dust.
You feel strangely unstable.
It was a scroll of teleportation.
As you read the scroll labelled WUBROE FESTRE, it crumbles to dust.
It is a scroll of amnesia.
Really abort (and waste the scroll)?
Okay, then.
As you read the scroll labelled LASSISTRIAHO, it crumbles to dust.
Wisps of shadow whirl around you...
It was a scroll of summoning.
As you read the scroll labelled RADDOYMPAI, it crumbles to dust.
The creatures around you are filled with an inner flame!
It was a scroll of immolation.
Your surroundings suddenly seem different.
Found 4 gold pieces.
Found a faded altar of an unknown god.
Found a scroll of immolation.
A goblin comes into view.
It is wielding a +0 club and quivering poisoned darts.
The goblin shouts!
A goblin is nearby!
You are too injured to fight recklessly!
You are too injured to fight recklessly!
You are too injured to fight recklessly!
A quokka comes into view.
The goblin throws a poisoned dart.
The poisoned dart hits you!
You are poisoned.
You feel very sick.
The goblin throws a poisoned dart.
The poisoned dart hits you!
You are lethally poisoned!
You feel very sick.
The goblin throws a poisoned dart.
The poisoned dart hits you!
You are more poisoned.
* * * LOW HITPOINT WARNING * * *
You feel very sick.
The goblin throws a poisoned dart.
The poisoned dart misses you.
* * * LOW HITPOINT WARNING * * *
You feel very sick.
The goblin throws a poisoned dart.
The poisoned dart hits you!
You are more poisoned.
You die...

#.♣.♣.♣.. #..♣_♣...
* #######^♣.♣.♣.# ,
.........♣.♣..# * *
* ..............#
...........#.## *# *
..####.....#...... ,
...## #.....##.?##
,....# #$...@.....#
**#...###...r.g....#
, *
+.....+............
,
#.....#g.........##
* ,
#........>.........
, ,
#....o.............
, *,
#...o##############
** , #...o#b.....#
**** , #....#..<...#


You could see a quokka (ally target), a goblin, 2 friendly orcs and a friendly
goblin (summoned, inner flame).

Vanquished Creatures
  Natasha (thrice) (D:2)
  An iguana (D:3)
  3 ball pythons (D:2)
  3 endoplasms
  3 giant cockroaches (D:2)
  3 hobgoblins
  4 kobolds
  3 quokkas
  2 bats
  A frilled lizard (D:2)
  3 rats
29 creatures vanquished.

Notes
Turn   | Place    | Note
-------+----------+-------------------------------------------
     0 | D:1      | hawla the Meteoran Ice Elementalist began the quest for the
                  | Orb.
     0 | D:1      | Reached XP level 1. HP: 14/14 MP: 5/5
    96 | D:1      | Reached XP level 2. HP: 12/20 MP: 1/6
   305 | D:2      | Found Iska's Assorted Antiques.
   313 | D:2      | Bought a fizzy cyan potion for 20 gold pieces
   336 | D:2      | Found Qizxahax's Armour Shoppe.
   365 | D:2      | Found a shimmering blue altar of Sif Muna.
   405 | D:2      | Reached XP level 3. HP: 9/26 MP: 6/8
   415 | D:2      | Reached skill level 1 in Evocations
   450 | D:2      | Found Morod's Book Emporium.
   475 | D:2      | Noticed Natasha
   482 | D:2      | Killed Natasha
   483 | D:2      | Reached XP level 4. HP: 21/33 MP: 7/9
   603 | D:2      | Found Wem Damede's Antique Armour Shop.
   615 | D:2      | Noticed Natasha
   624 | D:2      | Gained mutation: You possess an exceptional clarity of
                  | mind. [potion of mutation]
   624 | D:2      | Gained mutation: Your flesh is cold resistant. (rC+)
                  | [potion of mutation]
   624 | D:2      | Gained mutation: You have very sharp teeth. [potion of
                  | mutation]
   625 | D:2      | Killed Natasha
   626 | D:2      | Reached skill level 1 in Conjurations
   630 | D:2      | Learned a level 3 spell: Frozen Ramparts
   685 | D:2      | Found Ogompeg's Distillery.
   705 | D:2      | Noticed Natasha
   712 | D:2      | Killed Natasha
   713 | D:2      | Reached XP level 5. HP: 19/38 MP: 5/10
   877 | D:3      | HP: 1/38 [iguana (3)]
   879 | D:3      | Reached skill level 5 in Ice Magic
   884 | D:3      | Found a faded altar of an unknown god.
   894 | D:3      | Succumbed to a goblin's poison

Illustrated notes

Levels and vault maps discovered:
D:1:      nicolae_arrival_memento_mori, layout_basic, minmay_rat_gold_closets
D:2:      layout_loops_ring, basic_altar, serial_shops, shop, shop,
          nicolae_shop_crystal, shop, shop, uniq_natasha
D:3:      layout_basic, chequers_ecumenical_altar_simple_redux

Skill      XL: |  1  2  3  4  5 |
---------------+----------------+-----
Evocations     | 2 3 |  3.0
Conjurations   | 2 3 |  3.0
Spellcasting   | 3 |  3.0
Ice Magic      | 5 |  5.1
Staves         | |  0.1
Dodging        | |  2.6
Stealth        | |  1.4

Action                   |  1- 3 |  4- 6 || total
-------------------------+-------+-------++-------
Melee: Unarmed           |     2 |       ||     2
       Staff             |    15 |    18 ||    33
       Bite              |       |     3 ||     3
 Cast: Freeze            |    29 |    11 ||    40
       Frozen Ramparts   |       |     4 ||     4
  Use: Scroll            |     4 |     6 ||    10
       Potion            |       |     2 ||     2
Armor: Robe              |    12 |     6 ||    18
Dodge: Dodged            |    19 |    18 ||    37
